 Dungeon Crawl Stone Soup version 0.29.1-4-g47bece8355 (webtiles) character file.

Game seed: 5758902249279537028

37 chavenet the Trooper (level 3, 0/33 HPs)
             Began as a Hill Orc Fighter on Dec 3, 2022.
             Slain by Sigmund
             ... wielding a +0 scythe of protection
              (8 damage)
             ... on level 2 of the Dungeon.
             The game lasted 00:02:38 (1443 turns).

chavenet the Trooper (Hill Orc Fighter)             Turns: 1443, Time: 00:02:39

Health: 0/33       AC:  9    Str: 20    XL:     3   Next: 39%
Magic:  3/3        EV:  9    Int:  8    God:
Gold:   81         SH:  0    Dex: 10    Spells: 2/2 levels left

rFire   . . .      SeeInvis .   a - +0 war axe
rCold   . . .      Faith    .   c - +0 buckler
rNeg    . . .      Spirit   .   b - +0 scale mail
rPois   .          Reflect  .   h - +0 helmet
rElec   .          Harm     .   (no cloak)
rCorr   .          Rampage  .   (no gloves)
Will    .....                   p - +0 pair of boots
Stlth   ..........              (no amulet)
HPRegen 0.11/turn               (no ring)
MPRegen 0.08/turn               (no ring)

@: confused, mighty
A: no striking features
a: no special abilities


You were on level 2 of the Dungeon.
You visited 1 branch of the dungeon, and saw 2 of its levels.

You collected 81 gold pieces.

Inventory:

Hand Weapons
 a - a +0 war axe (weapon)
Missiles
 k - 23 stones (quivered)
Armour
 b - a +0 scale mail (worn)
 c - a +0 buckler (worn)
 h - a +0 helmet (worn)
 p - a +0 pair of boots (worn)
Scrolls
 e - a scroll of noise {unknown}
 f - a scroll of enchant weapon {unknown}
 g - 2 scrolls of identify {unknown}
 j - a scroll of torment {unknown}
 l - 2 scrolls of teleportation {unknown}
 m - a scroll of fear {unknown}
 o - a scroll of butterflies {unknown}


   Skills:
 + Level 4.0 Fighting
 * Level 3.8 Axes
 + Level 3.6 Armour
 + Level 3.6 Shields


You had 2 spell levels left.
You didn't know any spells.
Your spell library contained the following spells:

 Spells                   Type           Power      Damage    Failure   Level
 Necrotise                Necr           0%         1d4       85%         1
 Ozocubu's Armour         Ice            0%         N/A       99%         3
 Vampiric Draining        Necr           0%         2d6       99%         3
 Agony                    Necr           0%         N/A       100%        5
 Ozocubu's Refrigeration  Ice            0%         4d7       100%        7


Dungeon Overview and Level Annotations

Branches:
Dungeon (2/15)

Altars:

Annotations:
D:2 Sigmund


Message History

Sigmund shouts!
It was a potion of heal wounds.
You feel much better.
It was a potion of curing.
You feel better.
It was a potion of ambrosia.
You are confused.
You feel invigorated.
You feel very mighty all of a sudden.
Sigmund hits you from afar with a +0 scythe of protection!
You bump into the rock wall.
Sigmund hits you from afar with a +0 scythe of protection.
You feel less invigorated.
You feel less confused. Sigmund hits you but does no damage.
Sigmund mumbles some strange words.
Sigmund flickers and vanishes!
Deactivating autopickup; reactivate with Ctrl-A.
You miss something. Something hits you but does no damage.
You slash something! Something hits you.
You closely miss something. Something hits you!
You barely miss something.
You hear some strange, mumbled words.
A magic dart appears from out of thin air!
The magic dart hits you but does no damage.
You closely miss something. Something hits you but does no damage.
You hit something. Something hits you!
You miss something.
You hear some strange, mumbled words.
You are confused.
You miss something.
You hear some strange, mumbled words.
You are more confused.
You bump into the rock wall.
Something hits you but does no damage.
You bump into the rock wall.
Something hits you.
You bump into the rock wall.
You're too confused to move!
Something hits you but does no damage. Something hits you.
* * * LOW HITPOINT WARNING * * *
You're too confused to move!
Something hits you but does no damage. Something hits you!
You die...

#######
#..{..#
#@###.# #.#
.# ♣.♣ .#
♣.♣ .# ♣.♣
@# ♣.♣ .#
♣.♣ #.#
#♣.♣##. ..#
#8.8##.#####
##....


There were no monsters in sight!

Vanquished Creatures
  A dart slug (D:1)
  3 ball pythons
  3 endoplasms (D:1)
  3 goblins (D:1)
  5 hobgoblins
  6 jackals (D:1)
  2 quokkas (D:1)
  2 frilled lizards (D:1)
  A kobold (D:2)
  3 rats (D:1)
29 creatures vanquished.

Notes
Turn   | Place    | Note
-------+----------+-------------------------------------------
     0 | D:1      | chavenet the Hill Orc Fighter began the quest for the Orb.
     0 | D:1      | Reached XP level 1. HP: 19/19 MP: 1/1
   272 | D:1      | Reached XP level 2. HP: 22/27 MP: 2/2
   618 | D:1      | Found a faded altar of an unknown god.
   618 | D:1      | Noticed a shining eye
   621 | D:1      | Noticed a great orb of eyes
   621 | D:1      | Noticed a shining eye
   621 | D:1      | Noticed an eye of devastation
   644 | D:1      | Reached XP level 3. HP: 32/33 MP: 3/3
  1141 | D:1      | Reached skill level 4 in Fighting
  1416 | D:2      | Noticed Sigmund
  1443 | D:2      | Slain by Sigmund

Illustrated notes

Levels and vault maps discovered:
D:1:      giann_wishing_wells, layout_basic,
          hellmonk_ecumenical_altar_watching_god, minmay_small_reverse_x
D:2:      layout_basic, minivault_27, dreamdust_princess_corridor, uniq_robin,
          uniq_sigmund

Skill      XL: |  1  2  3 |
---------------+----------+-----
Axes           | 3 |  3.8
Fighting       | 4 |  4.0
Armour         | |  3.6
Shields        | |  3.6

Action                   || total
-------------------------++-------
Melee: War axe           ||    95
  Use: Potion            ||     4
Armor: Scale mail        ||    47
Dodge: Dodged            ||    44
Block: Buckler           ||    28
